[ PARTIDA AOE2 · #495778915 ]
UnrankedBohemios vs Poles
Equipo del jugador · VICT
Equipo rival · DERR
[ ANÁLISIS DE REPETICIÓN · EXTRAÍDO DE LA PARTIDA GRABADA ]
Feudal
8:51
Castillos
21:57
Imperial
44:36
| APM promedio | 69.3 |
| APM pico | 96 |
| eAPM promedio | 38.6 |
| Aldeanos / militares | 241 / 277 |
Foco
⚔️ 38.0% · 🌾 62.0%
Skirmisher ×131 · Hand Cannoneer ×69 · Scout Cavalry ×25 · Monk ×15 · Archer ×10 · Hussite Wagon ×10
Feudal
10:08
Castillos
21:48
Imperial
29:35
| APM promedio | 68.1 |
| APM pico | 98 |
| eAPM promedio | 27.7 |
| Aldeanos / militares | 161 / 132 |
Foco
⚔️ 40.1% · 🌾 59.9%
Archer ×90 · Scout Cavalry ×20 · Skirmisher ×9 · Mangonel ×5 · Bombard Cannon ×5 · Trebuchet (Packed) ×2
Mapa de la partida
Recursos iniciales + cada clic de construcción. Líneas = muros · curvas = relieve. ◆ oro · ⬟ piedra · ● bayas · ✦ reliquia · ◌ hueco del cierre
Tu base· ✓ Cerrada en 21:57 · 34t muro · 1 puerta(s)
Base de Gabi· ✓ Cerrada en 21:48 · 74t muro · 1 puerta(s)
Terreno inicial suavizado · ◌ = hueco del cierre detectado · pasá el cursor para detalles
Inputs por minuto
— FE_FelipeR - - Gabi
Build order — FE_FelipeR
Primeras 150 de 780 acciones detectadas
| 0:00 | Crear | Villager (Male) |
| 0:01 | Crear | Villager (Male) |
| 0:02 | Construir | House |
| 0:03 | Construir | House |
| 0:03 | Crear | Villager (Male) |
| 0:05 | Crear | Villager (Male) |
| 1:27 | Crear | Villager (Male) |
| 1:46 | Construir | Lumber Camp |
| 1:59 | Crear | Villager (Male) |
| 2:14 | Crear | Villager (Male) |
| 2:14 | Crear | Villager (Male) |
| 2:45 | Crear | Villager (Male) |
| 3:04 | Crear | Villager (Male) |
| 3:27 | Construir | House |
| 3:39 | Crear | Villager (Male) |
| 3:39 | Crear | Villager (Male) |
| 4:04 | Crear | Villager (Male) |
| 4:04 | Crear | Villager (Male) |
| 4:32 | Crear | Villager (Male) |
| 4:32 | Crear | Villager (Male) |
| 4:36 | Crear | Villager (Male) |
| 4:36 | Crear | Villager (Male) |
| 4:49 | Crear | Villager (Male) |
| 5:00 | Construir | Barracks |
| 5:20 | Crear | Villager (Male) |
| 6:01 | Investigar | Loom |
| 6:01 | Investigar | Loom |
| 6:01 | Investigar | Loom |
| 6:08 | Construir | House |
| 6:41 | Investigar | Feudal Age |
| 6:41 | Investigar | Feudal Age |
| 6:49 | Construir | Mining Camp |
| 6:57 | Crear | Militia |
| 6:58 | Crear | Militia |
| 7:23 | Crear | Militia |
| 7:49 | Crear | Militia |
| 7:49 | Crear | Militia |
| 7:55 | Construir | House |
| 8:39 | Construir | Palisade Wall |
| 8:41 | Construir | Palisade Wall |
| 8:51 | Edad | Edad Feudal |
| 8:53 | Crear | Villager (Male) |
| 8:58 | Investigar | Man-at-Arms (upgrade) |
| 9:07 | Construir | Archery Range |
| 9:09 | Crear | Villager (Male) |
| 9:09 | Crear | Villager (Male) |
| 9:21 | Construir | Mill |
| 9:32 | Crear | Villager (Male) |
| 9:53 | Construir | House |
| 9:54 | Crear | Villager (Male) |
| 9:59 | Crear | Archer |
| 10:00 | Crear | Archer |
| 10:07 | Crear | Villager (Male) |
| 10:07 | Crear | Villager (Male) |
| 10:09 | Construir | Farm |
| 10:28 | Construir | Palisade Gate |
| 10:30 | Construir | House |
| 10:31 | Crear | Archer |
| 10:39 | Construir | Palisade Wall |
| 10:51 | Crear | Villager (Male) |
| 11:00 | Crear | Archer |
| 11:07 | Crear | Villager (Male) |
| 11:07 | Crear | Villager (Male) |
| 11:29 | Crear | Villager (Male) |
| 11:37 | Construir | House |
| 11:39 | Construir | Farm |
| 11:40 | Construir | Farm |
| 11:52 | Crear | Spearman |
| 12:04 | Crear | Villager (Male) |
| 12:05 | Crear | Villager (Male) |
| 12:14 | Crear | Spearman |
| 12:31 | Construir | House |
| 12:32 | Crear | Archer |
| 12:35 | Crear | Villager (Male) |
| 12:35 | Crear | Villager (Male) |
| 12:52 | Crear | Villager (Male) |
| 12:53 | Construir | Farm |
| 12:57 | Crear | Archer |
| 13:04 | Construir | House |
| 13:25 | Crear | Villager (Male) |
| 13:37 | Crear | Archer |
| 13:40 | Investigar | Double-Bit Axe |
| 13:40 | Investigar | Double-Bit Axe |
| 13:41 | Crear | Villager (Male) |
| 13:45 | Construir | Palisade Wall |
| 14:02 | Construir | Farm |
| 14:02 | Crear | Villager (Male) |
| 14:03 | Crear | Villager (Male) |
| 14:09 | Crear | Archer |
| 14:26 | Crear | Villager (Male) |
| 14:26 | Crear | Archer |
| 14:30 | Construir | Farm |
| 14:32 | Construir | House |
| 14:36 | Construir | Palisade Wall |
| 14:37 | Construir | Palisade Wall |
| 14:54 | Crear | Villager (Male) |
| 15:22 | Crear | Villager (Male) |
| 15:28 | Construir | Blacksmith |
| 15:40 | Crear | Archer |
| 15:46 | Construir | Lumber Camp |
| 15:49 | Crear | Villager (Male) |
| 15:51 | Construir | Farm |
| 16:06 | Crear | Skirmisher |
| 16:14 | Construir | Farm |
| 16:15 | Investigar | Fletching |
| 16:19 | Construir | House |
| 16:20 | Construir | Palisade Wall |
| 16:21 | Crear | Villager (Male) |
| 16:28 | Crear | Skirmisher |
| 16:34 | Construir | Farm |
| 16:37 | Crear | Villager (Male) |
| 16:43 | Construir | Palisade Wall |
| 17:05 | Crear | Villager (Male) |
| 17:15 | Crear | Skirmisher |
| 17:18 | Construir | Farm |
| 17:19 | Construir | Farm |
| 17:21 | Construir | Market |
| 17:29 | Crear | Skirmisher |
| 17:34 | Construir | Palisade Gate |
| 17:51 | Crear | Villager (Male) |
| 17:53 | Construir | Palisade Wall |
| 18:09 | Construir | Mining Camp |
| 18:16 | Crear | Villager (Male) |
| 18:36 | Construir | Farm |
| 18:51 | Construir | House |
| 19:17 | Investigar | Castle Age |
| 19:17 | Investigar | Castle Age |
| 19:20 | Crear | Skirmisher |
| 19:36 | Construir | Farm |
| 19:39 | Investigar | Padded Archer Armor |
| 19:39 | Investigar | Padded Archer Armor |
| 19:45 | Crear | Skirmisher |
| 19:52 | Construir | Archery Range |
| 20:27 | Crear | Skirmisher |
| 20:36 | Investigar | Horse Collar |
| 20:48 | Crear | Skirmisher |
| 21:18 | Crear | Skirmisher |
| 21:34 | Crear | Skirmisher |
| 21:54 | Crear | Villager (Male) |
| 21:57 | Edad | Edad de los Castillos |
| 22:01 | Construir | Town Center |
| 22:02 | Investigar | Elite Skirmisher (upgrade) |
| 22:03 | Investigar | Bodkin Arrow |
| 22:03 | Investigar | Bodkin Arrow |
| 22:04 | Crear | Villager (Male) |
| 22:06 | Crear | Villager (Male) |
| 22:11 | Construir | Monastery |
| 22:43 | Construir | Siege Workshop |
| 22:50 | Crear | Monk |
| 22:55 | Investigar | Fervor |
Build order — Gabi
Primeras 150 de 451 acciones detectadas
| 0:01 | Crear | Villager (Male) |
| 0:01 | Crear | Villager (Male) |
| 0:02 | Construir | House |
| 0:03 | Construir | House |
| 0:37 | Crear | Villager (Male) |
| 0:37 | Crear | Villager (Male) |
| 1:25 | Crear | Villager (Male) |
| 1:49 | Construir | Lumber Camp |
| 1:58 | Crear | Villager (Male) |
| 1:58 | Crear | Villager (Male) |
| 2:21 | Crear | Villager (Male) |
| 2:22 | Crear | Villager (Male) |
| 2:44 | Crear | Villager (Male) |
| 3:14 | Crear | Villager (Male) |
| 3:14 | Crear | Villager (Male) |
| 3:27 | Construir | House |
| 3:36 | Crear | Villager (Male) |
| 3:57 | Construir | Palisade Wall |
| 4:00 | Crear | Villager (Male) |
| 4:01 | Crear | Villager (Male) |
| 4:26 | Crear | Villager (Male) |
| 4:26 | Crear | Villager (Male) |
| 4:38 | Construir | Palisade Wall |
| 4:57 | Crear | Villager (Male) |
| 5:08 | Construir | Mill |
| 5:22 | Crear | Villager (Male) |
| 5:32 | Construir | Palisade Wall |
| 5:38 | Construir | Palisade Wall |
| 5:39 | Construir | Palisade Wall |
| 5:56 | Construir | Palisade Wall |
| 6:00 | Crear | Villager (Male) |
| 6:22 | Crear | Villager (Male) |
| 6:55 | Crear | Villager (Male) |
| 7:17 | Crear | Villager (Male) |
| 7:31 | Construir | Palisade Wall |
| 7:44 | Construir | Lumber Camp |
| 7:58 | Investigar | Feudal Age |
| 8:06 | Construir | Palisade Wall |
| 8:28 | Construir | Palisade Wall |
| 8:32 | Construir | Palisade Gate |
| 8:34 | Construir | Palisade Wall |
| 8:41 | Construir | Palisade Wall |
| 9:09 | Construir | Palisade Wall |
| 9:25 | Construir | Barracks |
| 9:41 | Construir | House |
| 10:03 | Investigar | Loom |
| 10:04 | Crear | Villager (Male) |
| 10:08 | Edad | Edad Feudal |
| 10:28 | Construir | Archery Range |
| 10:32 | Crear | Villager (Male) |
| 10:52 | Investigar | Double-Bit Axe |
| 11:13 | Crear | Archer |
| 11:14 | Crear | Skirmisher |
| 11:16 | Crear | Villager (Male) |
| 11:20 | Investigar | Horse Collar |
| 11:22 | Crear | Villager (Male) |
| 11:39 | Construir | Farm |
| 11:42 | Crear | Villager (Male) |
| 11:59 | Crear | Skirmisher |
| 12:04 | Construir | Farm |
| 12:06 | Crear | Villager (Male) |
| 12:12 | Construir | House |
| 12:20 | Construir | Blacksmith |
| 12:24 | Crear | Skirmisher |
| 12:33 | Construir | House |
| 12:43 | Crear | Skirmisher |
| 12:49 | Crear | Villager (Male) |
| 12:51 | Construir | Farm |
| 12:57 | Construir | House |
| 13:01 | Investigar | Padded Archer Armor |
| 13:04 | Crear | Villager (Male) |
| 13:05 | Construir | Mining Camp |
| 13:17 | Crear | Villager (Male) |
| 13:26 | Crear | Skirmisher |
| 13:28 | Construir | Farm |
| 13:28 | Crear | Villager (Male) |
| 13:38 | Construir | House |
| 13:50 | Crear | Villager (Male) |
| 14:09 | Construir | Mill |
| 14:18 | Crear | Skirmisher |
| 14:30 | Construir | House |
| 14:31 | Construir | House |
| 14:56 | Construir | House |
| 15:06 | Investigar | Fletching |
| 15:06 | Investigar | Fletching |
| 15:07 | Crear | Villager (Male) |
| 15:08 | Construir | Farm |
| 15:09 | Construir | Farm |
| 15:09 | Construir | Farm |
| 15:09 | Construir | Farm |
| 15:28 | Crear | Archer |
| 15:29 | Crear | Villager (Male) |
| 15:32 | Construir | Farm |
| 15:32 | Construir | Farm |
| 15:41 | Construir | Farm |
| 16:03 | Crear | Skirmisher |
| 16:05 | Crear | Archer |
| 16:06 | Crear | Villager (Male) |
| 16:08 | Construir | Farm |
| 16:17 | Crear | Archer |
| 16:26 | Crear | Villager (Male) |
| 16:39 | Construir | Mill |
| 16:48 | Construir | Archery Range |
| 16:55 | Construir | Palisade Wall |
| 16:56 | Construir | Palisade Wall |
| 17:03 | Crear | Villager (Male) |
| 17:11 | Crear | Skirmisher |
| 17:19 | Construir | Farm |
| 17:19 | Construir | Farm |
| 17:19 | Construir | Farm |
| 17:19 | Construir | Farm |
| 17:26 | Crear | Villager (Male) |
| 17:27 | Crear | Skirmisher |
| 17:47 | Crear | Archer |
| 17:53 | Crear | Villager (Male) |
| 17:57 | Crear | Archer |
| 18:02 | Construir | Farm |
| 18:05 | Crear | Villager (Male) |
| 18:16 | Crear | Archer |
| 18:19 | Crear | Villager (Male) |
| 18:35 | Construir | Farm |
| 18:41 | Crear | Villager (Male) |
| 18:53 | Construir | Farm |
| 18:59 | Investigar | Castle Age |
| 19:28 | Crear | Archer |
| 19:28 | Crear | Archer |
| 19:30 | Investigar | Gold Mining |
| 19:33 | Construir | Farm |
| 19:43 | Construir | House |
| 19:43 | Construir | House |
| 19:57 | Crear | Archer |
| 19:57 | Crear | Archer |
| 20:14 | Crear | Archer |
| 20:33 | Crear | Archer |
| 20:45 | Construir | House |
| 20:54 | Construir | Mining Camp |
| 21:31 | Construir | Market |
| 21:38 | Crear | Villager (Male) |
| 21:48 | Edad | Edad de los Castillos |
| 21:51 | Investigar | Bodkin Arrow |
| 21:52 | Crear | Villager (Male) |
| 21:54 | Investigar | Crossbowman (upgrade) |
| 21:58 | Investigar | Bow Saw |
| 22:00 | Investigar | Heavy Plow |
| 22:02 | Construir | Siege Workshop |
| 22:15 | Investigar | Wheelbarrow |
| 22:32 | Crear | Villager (Male) |
| 22:34 | Crear | Archer |
| 22:36 | Crear | Archer |
| 22:46 | Crear | Mangonel |
Cronología de la partida
| 3:57 | Gabi · wall_segment Palisade Wall x7 |
| 4:38 | Gabi · wall_segment Palisade Wall x2 |
| 5:00 | FE_FelipeR · first_building Barracks |
| 5:32 | Gabi · wall_segment Palisade Wall x6 |
| 5:38 | Gabi · wall_segment Palisade Wall x6 |
| 5:39 | Gabi · wall_segment Palisade Wall x3 |
| 5:56 | Gabi · wall_segment Palisade Wall x12 |
| 7:31 | Gabi · wall_segment Palisade Wall x15 |
| 8:06 | Gabi · wall_segment Palisade Wall x4 |
| 8:28 | Gabi · wall_segment Palisade Wall x4 |
| 8:34 | Gabi · wall_segment Palisade Wall x3 |
| 8:39 | FE_FelipeR · wall_segment Palisade Wall x4 |
| 8:41 | FE_FelipeR · wall_segment Palisade Wall x1 |
| 8:41 | Gabi · wall_segment Palisade Wall x1 |
| 8:51 | FE_FelipeR · age_up feudal |
| 9:07 | FE_FelipeR · first_building Archery Range |
| 9:09 | Gabi · wall_segment Palisade Wall x1 |
| 9:25 | Gabi · first_building Barracks |
| 10:08 | Gabi · age_up feudal |
| 10:28 | Gabi · first_building Archery Range |
| 10:39 | FE_FelipeR · wall_segment Palisade Wall x6 |
| 13:45 | FE_FelipeR · wall_segment Palisade Wall x6 |
| 14:36 | FE_FelipeR · wall_segment Palisade Wall x9 |
| 14:37 | FE_FelipeR · wall_segment Palisade Wall x1 |
| 16:20 | FE_FelipeR · wall_segment Palisade Wall x5 |
| 16:43 | FE_FelipeR · wall_segment Palisade Wall x1 |
| 16:55 | Gabi · wall_segment Palisade Wall x4 |
| 16:56 | Gabi · wall_segment Palisade Wall x7 |
| 17:53 | FE_FelipeR · wall_segment Palisade Wall x3 |
| 18:33 | FE_FelipeR · first_market_buy 100 food |
| 18:34 | FE_FelipeR · first_market_sell 100 wood |
| 21:48 | Gabi · age_up castle |
| 21:57 | FE_FelipeR · age_up castle |
| 22:02 | Gabi · first_building Siege Workshop |
| 22:11 | FE_FelipeR · first_building Monastery |
| 22:43 | FE_FelipeR · first_building Siege Workshop |
| 23:06 | Gabi · wall_segment Palisade Wall x1 |
| 23:58 | Gabi · wall_segment Palisade Wall x1 |
| 24:03 | Gabi · first_market_sell 100 wood |
| 26:18 | Gabi · first_market_buy 100 wood |
| 28:38 | FE_FelipeR · first_building Castle |
| 29:35 | Gabi · age_up imperial |
| 36:00 | Gabi · first_building Stable |
| 40:24 | Gabi · first_building Castle |
| 40:52 | FE_FelipeR · first_building Stable |
| 42:40 | Gabi · wall_segment Stone Wall x1 |
| 44:36 | FE_FelipeR · age_up imperial |
| 49:02 | Gabi · resign |
[ ANÁLISIS IA · 1 CRÉDITO ]
¿Qué pasó realmente en esta partida?
Wolo.gg analiza cada decisión: build order, eco, micro, errores típicos por bracket. Análisis personalizado por WhatsApp o Discord en 30 segundos.
Guía civ
Bohemios
Perfil
Jugador #19778772